Blackhawks vs Penguins

Created - 27 décembre 2021 at 08:29

Goals
1 2 3 T
Blackhawks 2 2 1 5
Penguins 1 0 0 1
Shots
1 2 3 T
Blackhawks 7 10 12 29
Penguins 9 17 6 32

GoalsPenalties
1st period
1. Blackhawks , Jakub Voracek 5 (Derek Grant 7, Roman Josi 26) at 9:31 (PP)
2. Blackhawks , Gabriel Landeskog 5 (Kyle Palmieri 5, Jonathan Toews 19) at 11:11
3. Penguins , Zack Smith 7 (Richard Panik 4, Niklas Hjalmarsson 18) at 17:20
Niklas Hjalmarsson (PIT) for Hooking (Minor) at 9:00
2nd period
4. Blackhawks , Matt Calvert 6 (Justin Holl 12, Tomas Nosek 1) at 0:50
5. Blackhawks , Justin Holl 2 (Derek Grant 8, Cam Fowler 17) at 17:01
Kyle Palmieri (CHI) for Tripping (Minor) at 1:05
3rd period
6. Blackhawks , Dmitry Orlov 11 (Roman Josi 27, Nick Bonino 13) at 16:56 (PP)
Nick Holden (PIT) for Holding (Minor) at 4:42
Sami Vatanen (PIT) for Tripping (Minor) at 15:19
Kyle Palmieri (CHI) for Hooking (Minor) at 15:19
Ty Smith (PIT) for Holding (Minor) at 16:32
Goalie Stats
Carey Price (CHI), 31 saves from 32 shots - (0,969), W, 16-10-2, 60:00 minutes
Ben Bishop (PIT), 11 saves from 12 shots - (0,917), 22:59 minutes
Thatcher Demko (PIT), 13 saves from 17 shots - (0,765), L, 10-9-2, 37:01 minutes
3 StarsOfficial
1 - Justin Holl (CHI)
2 - Carey Price (CHI)
3 - Gabriel Landeskog (CHI)
Referees : Dennis LaRue and Ian Walsh
Linesman : Darren Gibbs and Kiel Murchison
Game Note
Ben Bishop enters game at 17:01 of 2nd period
Finance
Level 1 -- Attendance: 4871 (97,42%) -- Ticket Income 389 680 $
Level 2 -- Attendance: 3928 (98,20%) -- Ticket Income 157 120 $
Level 3 -- Attendance: 3000 (100,00%) -- Ticket Income 90 000 $
Level 4 -- Attendance: 4000 (100,00%) -- Ticket Income 80 000 $
Luxury Box -- Attendance: 716 (71,60%) -- Ticket Income 143 200 $
Game was played at the Consol Energy Center.
Total Attendance: 16515 (97,15%)
Total Ticket Income: 860 000 $
Other Income: 421 400 $
Total Income: 1 281 400 $



Team Name Goals Shots Shots Attemp Shots Blocked PIM HIT PP PK FO%
Blackhawks 52957124112 / 3 (67%)055%
Penguins 1326478230 / 1 (0%)245%

Blackhawks
Player Name POS G A P +/- PIM HIT SHT SB MP PP MP PP SHT PK MP PK SHT FO% FOT
Anthony BitettoD0001001213:280:0000:0000% 0
Cam FowlerD0111002021:111:5810:5010% 0
Derek GrantC/LW0220002117:521:4500:000100% 1
Dmitry OrlovD1010012125:211:4511:0900% 0
Gabriel LandeskogLW1011032019:221:5801:090100% 3
Jakub VoracekLW/RW1010003017:521:4510:000100% 1
Jason DickinsonC/LW0000002012:160:0000:0000% 0
Jonathan ToewsC0111002219:281:5800:50069% 26
Jordan StaalC0000031019:541:4500:50040% 20
Justin HollD1121022321:111:5810:5000% 0
Kyle PalmieriRW0111403017:241:5800:00067% 3
Marc StaalD0001001113:280:0000:0000% 0
Matt CalvertLW/RW101101108:280:0000:00033% 3
Nick BoninoC0110002014:120:0001:09053% 15
Patric HornqvistRW0000000012:160:0000:0000% 1
Rocco GrimaldiC/RW000100008:280:0000:0000% 1
Roman JosiD0220012225:211:4501:0900% 0
Tomas NosekC/LW011100108:280:0000:00040% 10
Penguins
Player Name POS G A P +/- PIM HIT SHT SB MP PP MP PP SHT PK MP PK SHT FO% FOT
Arthur KaliyevRW0000000018:570:0001:510100% 1
Brady TkachukLW0000053019:440:4601:52025% 4
Brett ConnollyRW000-2014116:390:0000:0000% 2
Colton SissonsC/LW/RW000-2022017:391:1310:16048% 23
Dan HamhuisD000-1021117:140:0001:4300% 0
Dominic ToninatoC000-101108:100:0001:51046% 13
Duncan KeithD0000022023:081:1302:3000% 0
Filip ZadinaRW0001002014:301:1300:0000% 0
Jonathan DrouinC/LW/RW000-2011016:560:4600:0000% 0
Leon DraisaitlC/LW/RW0000006018:540:4600:00048% 21
Nick HoldenD000-1233121:100:0000:4900% 0
Nick RitchieLW000-103007:321:1300:0000% 2
Niklas HjalmarssonD011-1200221:430:4602:4800% 0
Richard PanikLW/RW0111012013:170:0000:0000% 0
Sami VatanenD0000213120:471:1310:2400% 0
Trevor LewisC/LW/RW000-100106:190:0000:000100% 1
Ty SmithD000-1200115:540:4600:0000% 0
Zack SmithC/LW1011011015:170:0002:00047% 17

Blackhawks

5 vs 5 Forward
Line #Left WingCenterRight WingPHYDFOFWanted %Time %Time Play
1Gabriel LandeskogJonathan ToewsKyle Palmieri1223030%15:28
2Derek GrantJordan StaalJakub Voracek1223031%16:07
3Jason DickinsonNick BoninoPatric Hornqvist1222423%12:16
4Matt CalvertTomas NosekRocco Grimaldi1221616%8:28
5 vs 5 Defense
Line #DefenseDefensePHYDFOFWanted %Time %Time Play
1Roman JosiDmitry Orlov1223029%15:00
2Justin HollCam Fowler1223033%17:11
3Marc StaalAnthony Bitetto1222426%13:28
4Roman JosiDmitry Orlov1221613%6:40
Power Play Forward
Line #Left WingCenterRight WingPHYDFOFWanted %Time %Time Play
1Gabriel LandeskogJonathan ToewsKyle Palmieri1225053%1:58
2Derek GrantJordan StaalJakub Voracek1225047%1:45
Power Play Defense
Line #DefenseDefensePHYDFOFWanted %Time %Time Play
1Roman JosiDmitry Orlov1225047%1:45
2Justin HollCam Fowler1225053%1:58
Penalty Kill 4 Players Forward
Line #CenterWingPHYDFOFWanted %Time %Time Play
1Jonathan ToewsJordan Staal1225042%0:50
2Gabriel LandeskogNick Bonino1225058%1:09
Penalty Kill 4 Players Defense
Line #DefenseDefensePHYDFOFWanted %Time %Time Play
1Roman JosiDmitry Orlov1225058%1:09
2Justin HollCam Fowler1225042%0:50
Penalty Kill 3 Players
Line #WingPHYDFOFWanted %Time %Time PlayDefenseDefensePHYDFOFWanted %Time %Time Play
1Jonathan Toews122500%0:00 Roman JosiDmitry Orlov122500%0:00
2Jordan Staal122500%0:00 Justin HollCam Fowler122500%0:00
4 vs 4 Forward
Line #CenterWingPHYDFOFWanted %Time %Time Play
1Jonathan ToewsJordan Staal1225061%1:12
2Gabriel LandeskogNick Bonino1225039%0:47
4 vs 4 Defense
Line #DefensePHYDFOFWanted %Time %Time Play
1Roman JosiDmitry Orlov1225039%50% - 0:47
2Justin HollCam Fowler1225061%50% - 1:12
Last Minutes Offensive
Left WingCenterRight WingDefenseDefense
Gabriel LandeskogJonathan ToewsKyle PalmieriRoman JosiDmitry Orlov
Last Minutes Defensive
Left WingCenterRight WingDefenseDefense
Gabriel LandeskogJonathan ToewsKyle PalmieriRoman JosiDmitry Orlov
Time
Total ForwardTotal DefenseLast Minutes OffensiveLast Minutes Defensive
60:00 60:00 0:000:00
Extra Forwards
Normal PowerPlayPenalty Kill
Patric Hornqvist, Jason Dickinson, Matt CalvertPatric Hornqvist, Jason DickinsonMatt Calvert
Extra Defensemen
Normal PowerPlayPenalty Kill
Marc Staal, Anthony Bitetto, Justin HollMarc Staal, Anthony BitettoJustin Holl
Penalty Shots
Jonathan Toews, Jordan Staal, Gabriel Landeskog, Nick Bonino, Derek Grant
Goalie
Carey Price, Petr Mrazek
Custom OT Lines Forwards
Jonathan Toews, Jordan Staal, Gabriel Landeskog, Nick Bonino, Derek Grant, Kyle Palmieri, Jakub Voracek, Patric Hornqvist, Jason Dickinson, Matt Calvert
Custom OT Lines Defensemen
Roman Josi, Dmitry Orlov, Justin Holl, Cam Fowler, Marc Staal
Scratches
Ben Hutton (Healthy), Christian Djoos (Healthy)

Penguins

5 vs 5 Forward
Line #Left WingCenterRight WingPHYDFOFWanted %Time %Time Play
1Brady TkachukLeon DraisaitlArthur Kaliyev0143433%17:06
2Jonathan DrouinColton SissonsBrett Connolly0233030%15:37
3Richard PanikZack SmithFilip Zadina0322425%13:17
4Nick RitchieDominic ToninatoTrevor Lewis2301212%6:19
5 vs 5 Defense
Line #DefenseDefensePHYDFOFWanted %Time %Time Play
1Duncan KeithSami Vatanen0323834%18:01
2Nick HoldenNiklas Hjalmarsson0323635%18:10
3Dan HamhuisTy Smith1312629%14:58
4Nick HoldenSami Vatanen12202%1:10
Power Play Forward
Line #Left WingCenterRight WingPHYDFOFWanted %Time %Time Play
1Brady TkachukLeon DraisaitlJonathan Drouin0055039%0:46
2Nick RitchieColton SissonsFilip Zadina0055061%1:13
Power Play Defense
Line #DefenseDefensePHYDFOFWanted %Time %Time Play
1Duncan KeithSami Vatanen0235061%1:13
2Ty SmithNiklas Hjalmarsson0235039%0:46
Penalty Kill 4 Players Forward
Line #CenterWingPHYDFOFWanted %Time %Time Play
1Zack SmithBrady Tkachuk0505050%1:52
2Dominic ToninatoArthur Kaliyev0505050%1:51
Penalty Kill 4 Players Defense
Line #DefenseDefensePHYDFOFWanted %Time %Time Play
1Duncan KeithDan Hamhuis1405030%1:07
2Nick HoldenNiklas Hjalmarsson1405070%2:36
Penalty Kill 3 Players
Line #WingPHYDFOFWanted %Time %Time PlayDefenseDefensePHYDFOFWanted %Time %Time Play
1Zack Smith0505033%0:08 Sami VatanenNick Holden050500%0:00
2Colton Sissons0505067%0:16 Dan HamhuisTy Smith05050100%0:24
4 vs 4 Forward
Line #CenterWingPHYDFOFWanted %Time %Time Play
1Leon DraisaitlBrett Connolly0235065%1:02
2Colton SissonsJonathan Drouin0235035%0:33
4 vs 4 Defense
Line #DefensePHYDFOFWanted %Time %Time Play
1Nick HoldenSami Vatanen0325065%50% - 1:02
2Ty SmithDan Hamhuis0325035%50% - 0:33
Last Minutes Offensive
Left WingCenterRight WingDefenseDefense
Brady TkachukLeon DraisaitlJonathan DrouinNick HoldenSami Vatanen
Last Minutes Defensive
Left WingCenterRight WingDefenseDefense
Jonathan DrouinColton SissonsFilip ZadinaNick HoldenSami Vatanen
Time
Total ForwardTotal DefenseLast Minutes OffensiveLast Minutes Defensive
60:00 60:00 0:000:00
Extra Forwards
Normal PowerPlayPenalty Kill
Leon Draisaitl, Jonathan Drouin, Brady TkachukRichard Panik, Jonathan DrouinTrevor Lewis
Extra Defensemen
Normal PowerPlayPenalty Kill
Duncan Keith, Nick Holden, Dan HamhuisSami Vatanen, Niklas HjalmarssonNick Holden
Penalty Shots
Leon Draisaitl, Jonathan Drouin, Brady Tkachuk, Filip Zadina, Arthur Kaliyev
Goalie
Thatcher Demko, Ben Bishop
Custom OT Lines Forwards
Leon Draisaitl, Brady Tkachuk, Filip Zadina, Arthur Kaliyev, Colton Sissons, Jonathan Drouin, Nick Ritchie, Brett Connolly, Zack Smith, Trevor Lewis
Custom OT Lines Defensemen
Sami Vatanen, Nick Holden, Duncan Keith, Niklas Hjalmarsson, Ty Smith
Scratches
Par Lindholm (Healthy), Greg McKegg (Healthy), Anton Khudobin (Healthy)


Play-by-Play

1st period


0:01 of 1st period - Jonathan Toews wins face-off versus Brady Tkachuk in neutral zone.
0:01 of 1st period - Jonathan Toews is hit by Brady Tkachuk.
0:20 of 1st period - Sami Vatanen is hit by Roman Josi and loses puck.
1:07 of 1st period - Brett Connolly is hit by Gabriel Landeskog and loses puck.
1:24 of 1st period - Nick Holden is hit by Gabriel Landeskog and loses puck.
1:57 of 1st period - Icing by Cam Fowler.
1:58 of 1st period - Jordan Staal wins face-off versus Dominic Toninato in Blackhawks zone.
2:45 of 1st period - Nick Bonino is hit by Nick Ritchie.
3:12 of 1st period - Icing by Marc Staal.
3:13 of 1st period - Nick Bonino wins face-off versus Leon Draisaitl in Blackhawks zone.
4:07 of 1st period - Shot by Rocco Grimaldi.
4:07 of 1st period - Shot Misses the Net.
4:09 of 1st period - Shot by Tomas Nosek.
4:09 of 1st period - Stopped by Thatcher Demko without a rebound.
4:10 of 1st period - Jordan Staal wins face-off versus Zack Smith in Penguins zone.
4:35 of 1st period - Shot by Jakub Voracek.
4:35 of 1st period - Stopped by Thatcher Demko without a rebound.
4:36 of 1st period - Jonathan Toews wins face-off versus Colton Sissons in Penguins zone.
5:14 of 1st period - Shot by Jonathan Toews.
5:14 of 1st period - Shot Misses the Net.
5:19 of 1st period - Off-side.
5:20 of 1st period - Nick Bonino wins face-off versus Zack Smith in neutral zone.
6:29 of 1st period - Nick Holden is hit by Jordan Staal and loses puck.
6:36 of 1st period - Niklas Hjalmarsson is hit by Jordan Staal.
6:51 of 1st period - Shot by Brady Tkachuk.
6:51 of 1st period - Shot Misses the Net.
6:55 of 1st period - Shot by Leon Draisaitl.
6:55 of 1st period - Shot Misses the Net.
7:14 of 1st period - Justin Holl is hit by Brady Tkachuk and loses puck.
7:43 of 1st period - Shot by Matt Calvert.
7:43 of 1st period - Shot Misses the Net.
7:49 of 1st period - Shot by Ty Smith.
7:49 of 1st period - Shot Blocked by Marc Staal.
7:51 of 1st period - Shot by Dan Hamhuis.
7:51 of 1st period - Stopped by Carey Price without a rebound.
7:52 of 1st period - Dominic Toninato wins face-off versus Nick Bonino in Blackhawks zone.
7:53 of 1st period - Shot by Sami Vatanen.
7:53 of 1st period - Stopped by Carey Price without a rebound.
7:54 of 1st period - Dominic Toninato wins face-off versus Tomas Nosek in Blackhawks zone.
8:00 of 1st period - Off-side.
8:01 of 1st period - Colton Sissons wins face-off versus Tomas Nosek in neutral zone.
8:26 of 1st period - Shot by Sami Vatanen.
8:26 of 1st period - Shot Blocked by Dmitry Orlov.
8:28 of 1st period - Shot by Duncan Keith.
8:28 of 1st period - Stopped by Carey Price without a rebound.
8:29 of 1st period - Zack Smith wins face-off versus Jonathan Toews in Blackhawks zone.
9:00 of 1st period - Minor Penalty to Niklas Hjalmarsson for Hooking.
9:01 of 1st period - Jordan Staal wins face-off versus Dominic Toninato in Penguins zone.
9:31 of 1st period - Shot by Jakub Voracek.
9:31 of 1st period - Goal by Jakub Voracek - Blackhawks : 1 - Penguins : 0.
9:32 of 1st period - Colton Sissons wins face-off versus Nick Bonino in neutral zone.
9:54 of 1st period - Icing by Justin Holl.
9:55 of 1st period - Leon Draisaitl wins face-off versus Nick Bonino in Blackhawks zone.
10:00 of 1st period - Shot by Leon Draisaitl.
10:00 of 1st period - Stopped by Carey Price without a rebound.
10:01 of 1st period - Matt Calvert wins face-off versus Leon Draisaitl in Blackhawks zone.
11:11 of 1st period - Shot by Kyle Palmieri.
11:11 of 1st period - Deflect By Gabriel Landeskog.
11:11 of 1st period - Goal by Gabriel Landeskog - Blackhawks : 2 - Penguins : 0.
11:12 of 1st period - Colton Sissons wins face-off versus Jordan Staal in neutral zone.
12:03 of 1st period - Icing by Niklas Hjalmarsson.
12:04 of 1st period - Colton Sissons wins face-off versus Nick Bonino in Penguins zone.
12:22 of 1st period - Icing by Nick Holden.
12:23 of 1st period - Jonathan Toews wins face-off versus Brett Connolly in Penguins zone.
12:32 of 1st period - Shot by Jonathan Toews.
12:32 of 1st period - Shot Misses the Net.
13:02 of 1st period - Icing by Jonathan Toews.
13:03 of 1st period - Dominic Toninato wins face-off versus Jonathan Toews in Blackhawks zone.
13:24 of 1st period - Shot by Dominic Toninato.
13:24 of 1st period - Shot Misses the Net.
13:26 of 1st period - Shot by Sami Vatanen.
13:26 of 1st period - Stopped by Carey Price without a rebound.
13:27 of 1st period - Arthur Kaliyev wins face-off versus Patric Hornqvist in Blackhawks zone.
14:25 of 1st period - Icing by Cam Fowler.
14:26 of 1st period - Zack Smith wins face-off versus Jordan Staal in Blackhawks zone.
14:26 of 1st period - Sami Vatanen is hit by Justin Holl and loses puck.
14:43 of 1st period - Shot by Jordan Staal.
14:43 of 1st period - Shot Misses the Net.
15:09 of 1st period - Shot by Derek Grant.
15:09 of 1st period - Stopped by Thatcher Demko without a rebound.
15:10 of 1st period - Jonathan Toews wins face-off versus Dominic Toninato in Penguins zone.
15:10 of 1st period - Jonathan Toews is hit by Nick Holden.
15:12 of 1st period - Shot by Kyle Palmieri.
15:12 of 1st period - Shot Blocked by Nick Holden.
15:17 of 1st period - Icing by Trevor Lewis.
15:18 of 1st period - Kyle Palmieri wins face-off versus Dominic Toninato in Penguins zone.
15:27 of 1st period - Roman Josi is hit by Dominic Toninato and loses puck.
15:32 of 1st period - Shot by Trevor Lewis.
15:32 of 1st period - Stopped by Carey Price with a rebound.
15:34 of 1st period - Shot by Niklas Hjalmarsson.
15:34 of 1st period - Shot Misses the Net.
15:36 of 1st period - Shot by Dominic Toninato.
15:36 of 1st period - Stopped by Carey Price without a rebound.
15:37 of 1st period - Nick Bonino wins face-off versus Brady Tkachuk in Blackhawks zone.
17:01 of 1st period - Off-side.
17:02 of 1st period - Zack Smith wins face-off versus Jordan Staal in neutral zone.
17:08 of 1st period - Shot by Filip Zadina.
17:08 of 1st period - Shot Misses the Net.
17:10 of 1st period - Shot by Nick Holden.
17:10 of 1st period - Shot Hit the Post.
17:18 of 1st period - Shot by Niklas Hjalmarsson.
17:18 of 1st period - Shot Blocked by Justin Holl.
17:20 of 1st period - Shot by Richard Panik.
17:20 of 1st period - Deflect By Zack Smith.
17:20 of 1st period - Goal by Zack Smith - Blackhawks : 2 - Penguins : 1.
17:21 of 1st period - Colton Sissons wins face-off versus Jonathan Toews in neutral zone.
17:59 of 1st period - Shot by Jonathan Drouin.
17:59 of 1st period - Shot Blocked by Roman Josi.
18:01 of 1st period - Shot by Duncan Keith.
18:01 of 1st period - Shot Blocked by Jonathan Toews.
18:31 of 1st period - Shot by Richard Panik.
18:31 of 1st period - Stopped by Carey Price without a rebound.
18:32 of 1st period - Dominic Toninato wins face-off versus Jordan Staal in Blackhawks zone.
18:32 of 1st period - Dan Hamhuis is hit by Justin Holl.
19:03 of 1st period - Shot by Jakub Voracek.
19:03 of 1st period - Stopped by Thatcher Demko with a rebound.
19:05 of 1st period - Shot by Cam Fowler.
19:05 of 1st period - Shot Blocked by Dan Hamhuis.
19:45 of 1st period - Shot by Patric Hornqvist.
19:45 of 1st period - Shot Blocked by Ty Smith.
19:51 of 1st period - Shot by Marc Staal.
19:51 of 1st period - Stopped by Thatcher Demko without a rebound.
19:52 of 1st period - Tomas Nosek wins face-off versus Brady Tkachuk in Penguins zone.
19:53 of 1st period - Shot by Rocco Grimaldi.
19:53 of 1st period - Shot Misses the Net.
Goals for this period are 2 for Blackhawks vs 1 for Penguins.
Shots for this period are 7 for Blackhawks vs 9 for Penguins.

2nd period


0:01 of 2nd period - Jordan Staal wins face-off versus Leon Draisaitl in neutral zone.
0:10 of 2nd period - Jordan Staal is hit by Brady Tkachuk and loses puck.
0:17 of 2nd period - Shot by Leon Draisaitl.
0:17 of 2nd period - Shot Misses the Net.
0:19 of 2nd period - Shot by Leon Draisaitl.
0:19 of 2nd period - Stopped by Carey Price without a rebound.
0:20 of 2nd period - Colton Sissons wins face-off versus Tomas Nosek in Blackhawks zone.
0:25 of 2nd period - Shot by Jonathan Drouin.
0:25 of 2nd period - Deflect By Brett Connolly.
0:25 of 2nd period - Stopped by Carey Price with a rebound.
0:32 of 2nd period - Justin Holl is hit by Nick Holden and loses puck.
0:50 of 2nd period - Shot by Matt Calvert.
0:50 of 2nd period - The goal is going for a video replay.
0:50 of 2nd period - The goal is good.
0:50 of 2nd period - Goal by Matt Calvert - Blackhawks : 3 - Penguins : 1.
0:51 of 2nd period - Jonathan Toews wins face-off versus Zack Smith in neutral zone.
1:05 of 2nd period - Minor Penalty to Kyle Palmieri for Tripping.
1:06 of 2nd period - Leon Draisaitl wins face-off versus Jonathan Toews in Blackhawks zone.
1:32 of 2nd period - Shot by Cam Fowler.
1:32 of 2nd period - Stopped by Thatcher Demko without a rebound.
1:33 of 2nd period - Gabriel Landeskog wins face-off versus Colton Sissons in Penguins zone.
1:42 of 2nd period - Shot by Sami Vatanen.
1:42 of 2nd period - Stopped by Carey Price without a rebound.
1:43 of 2nd period - Jonathan Toews wins face-off versus Nick Ritchie in Blackhawks zone.
1:43 of 2nd period - Jordan Staal is hit by Nick Ritchie and loses puck.
2:28 of 2nd period - Icing by Filip Zadina.
2:29 of 2nd period - Jonathan Toews wins face-off versus Nick Ritchie in Penguins zone.
2:37 of 2nd period - Icing by Sami Vatanen.
2:38 of 2nd period - Gabriel Landeskog wins face-off versus Colton Sissons in Penguins zone.
2:45 of 2nd period - Shot by Colton Sissons.
2:45 of 2nd period - Stopped by Carey Price without a rebound.
2:46 of 2nd period - Jonathan Toews wins face-off versus Leon Draisaitl in Blackhawks zone.
3:17 of 2nd period - Shot by Derek Grant.
3:17 of 2nd period - Stopped by Thatcher Demko without a rebound.
3:18 of 2nd period - Brady Tkachuk wins face-off versus Jonathan Toews in Penguins zone.
3:48 of 2nd period - Shot by Kyle Palmieri.
3:48 of 2nd period - Deflect By Jonathan Toews.
3:48 of 2nd period - Shot Misses the Net.
3:54 of 2nd period - Shot by Leon Draisaitl.
3:54 of 2nd period - Stopped by Carey Price without a rebound.
3:55 of 2nd period - Colton Sissons wins face-off versus Jordan Staal in Blackhawks zone.
4:00 of 2nd period - Shot by Jonathan Drouin.
4:00 of 2nd period - Shot Misses the Net.
4:02 of 2nd period - Shot by Colton Sissons.
4:02 of 2nd period - Stopped by Carey Price with a rebound.
4:04 of 2nd period - Shot by Duncan Keith.
4:04 of 2nd period - Shot Blocked by Derek Grant.
4:10 of 2nd period - Shot by Jonathan Drouin.
4:10 of 2nd period - Stopped by Carey Price without a rebound.
4:11 of 2nd period - Zack Smith wins face-off versus Nick Bonino in Blackhawks zone.
4:30 of 2nd period - Shot by Nick Bonino.
4:30 of 2nd period - Stopped by Thatcher Demko without a rebound.
4:31 of 2nd period - Leon Draisaitl wins face-off versus Jordan Staal in Penguins zone.
5:11 of 2nd period - Shot by Derek Grant.
5:11 of 2nd period - Shot Misses the Net.
5:13 of 2nd period - Shot by Roman Josi.
5:13 of 2nd period - Stopped by Thatcher Demko without a rebound.
5:14 of 2nd period - Nick Bonino wins face-off versus Colton Sissons in Penguins zone.
5:15 of 2nd period - Shot by Justin Holl.
5:15 of 2nd period - Shot Misses the Net.
5:17 of 2nd period - Shot by Nick Bonino.
5:17 of 2nd period - Shot Misses the Net.
6:25 of 2nd period - Gabriel Landeskog is hit by Colton Sissons and loses puck.
6:52 of 2nd period - Shot by Kyle Palmieri.
6:52 of 2nd period - Stopped by Thatcher Demko without a rebound.
6:53 of 2nd period - Leon Draisaitl wins face-off versus Tomas Nosek in Penguins zone.
6:53 of 2nd period - Leon Draisaitl is hit by Matt Calvert.
7:06 of 2nd period - Icing by Tomas Nosek.
7:07 of 2nd period - Zack Smith wins face-off versus Matt Calvert in Blackhawks zone.
8:58 of 2nd period - Shot by Jonathan Drouin.
8:58 of 2nd period - Shot Blocked by Anthony Bitetto.
9:20 of 2nd period - Shot by Nick Holden.
9:20 of 2nd period - Stopped by Carey Price with a rebound.
9:22 of 2nd period - Shot by Niklas Hjalmarsson.
9:22 of 2nd period - Shot Blocked by Justin Holl.
9:24 of 2nd period - Shot by Colton Sissons.
9:24 of 2nd period - Shot Blocked by Jonathan Toews.
9:26 of 2nd period - Shot by Nick Holden.
9:26 of 2nd period - Stopped by Carey Price without a rebound.
9:27 of 2nd period - Trevor Lewis wins face-off versus Nick Bonino in Blackhawks zone.
9:34 of 2nd period - Shot by Sami Vatanen.
9:34 of 2nd period - Shot Misses the Net.
10:24 of 2nd period - Jason Dickinson is hit by Richard Panik and loses puck.
10:43 of 2nd period - Shot by Nick Holden.
10:43 of 2nd period - Shot Misses the Net.
11:05 of 2nd period - Shot by Kyle Palmieri.
11:05 of 2nd period - Stopped by Thatcher Demko with a rebound.
11:07 of 2nd period - Shot by Jonathan Toews.
11:07 of 2nd period - Stopped by Thatcher Demko with a rebound.
11:27 of 2nd period - Shot by Brady Tkachuk.
11:27 of 2nd period - Stopped by Carey Price without a rebound.
11:28 of 2nd period - Colton Sissons wins face-off versus Tomas Nosek in Blackhawks zone.
11:55 of 2nd period - Shot by Brett Connolly.
11:55 of 2nd period - Stopped by Carey Price without a rebound.
11:56 of 2nd period - Leon Draisaitl wins face-off versus Jonathan Toews in Blackhawks zone.
12:02 of 2nd period - Shot by Arthur Kaliyev.
12:02 of 2nd period - Shot Misses the Net.
12:04 of 2nd period - Shot by Duncan Keith.
12:04 of 2nd period - Stopped by Carey Price with a rebound.
12:06 of 2nd period - Shot by Sami Vatanen.
12:06 of 2nd period - Shot Misses the Net.
12:08 of 2nd period - Shot by Leon Draisaitl.
12:08 of 2nd period - Shot Misses the Net.
12:28 of 2nd period - Off-side.
12:29 of 2nd period - Colton Sissons wins face-off versus Jordan Staal in neutral zone.
14:04 of 2nd period - Shot by Jonathan Toews.
14:04 of 2nd period - Shot Blocked by Niklas Hjalmarsson.
14:06 of 2nd period - Shot by Roman Josi.
14:06 of 2nd period - Stopped by Thatcher Demko without a rebound.
14:07 of 2nd period - Leon Draisaitl wins face-off versus Rocco Grimaldi in Penguins zone.
14:54 of 2nd period - Cam Fowler is hit by Brady Tkachuk.
16:45 of 2nd period - Shot by Filip Zadina.
16:45 of 2nd period - Stopped by Carey Price without a rebound.
16:46 of 2nd period - Derek Grant wins face-off versus Dominic Toninato in Blackhawks zone.
16:59 of 2nd period - Shot by Derek Grant.
16:59 of 2nd period - Shot Misses the Net.
17:01 of 2nd period - Shot by Justin Holl.
17:01 of 2nd period - Goal by Justin Holl - Blackhawks : 4 - Penguins : 1.
17:01 of 2nd period - Ben Bishop enters game.
17:02 of 2nd period - Zack Smith wins face-off versus Kyle Palmieri in neutral zone.
17:11 of 2nd period - Shot by Richard Panik.
17:11 of 2nd period - Stopped by Carey Price with a rebound.
17:19 of 2nd period - Shot by Filip Zadina.
17:19 of 2nd period - Shot Misses the Net.
17:29 of 2nd period - Shot by Richard Panik.
17:29 of 2nd period - Shot Misses the Net.
17:49 of 2nd period - Shot by Leon Draisaitl.
17:49 of 2nd period - Stopped by Carey Price with a rebound.
17:51 of 2nd period - Shot by Sami Vatanen.
17:51 of 2nd period - Shot Misses the Net.
18:21 of 2nd period - Shot by Leon Draisaitl.
18:21 of 2nd period - Stopped by Carey Price without a rebound.
18:22 of 2nd period - Colton Sissons wins face-off versus Jordan Staal in Blackhawks zone.
18:28 of 2nd period - Off-side.
18:29 of 2nd period - Jordan Staal wins face-off versus Colton Sissons in neutral zone.
18:37 of 2nd period - Colton Sissons is hit by Jordan Staal and loses puck.
18:58 of 2nd period - Shot by Brett Connolly.
18:58 of 2nd period - Stopped by Carey Price without a rebound.
18:59 of 2nd period - Leon Draisaitl wins face-off versus Matt Calvert in Blackhawks zone.
19:10 of 2nd period - Icing by Justin Holl.
19:11 of 2nd period - Tomas Nosek wins face-off versus Dominic Toninato in Blackhawks zone.
19:11 of 2nd period - Cam Fowler is hit by Nick Ritchie.
19:26 of 2nd period - Rocco Grimaldi is hit by Dan Hamhuis and loses puck.
19:42 of 2nd period - Tomas Nosek is hit by Dan Hamhuis.
19:48 of 2nd period - Shot by Tomas Nosek.
19:48 of 2nd period - Shot Hit the Post.
Goals for this period are 2 for Blackhawks vs 0 for Penguins.
Shots for this period are 10 for Blackhawks vs 17 for Penguins.

3rd period


0:01 of 3rd period - Jordan Staal wins face-off versus Leon Draisaitl in neutral zone.
0:29 of 3rd period - Shot by Leon Draisaitl.
0:29 of 3rd period - Deflect By Brady Tkachuk.
0:29 of 3rd period - Stopped by Carey Price without a rebound.
0:30 of 3rd period - Jonathan Toews wins face-off versus Colton Sissons in Blackhawks zone.
0:34 of 3rd period - Off-side.
0:35 of 3rd period - Jonathan Toews wins face-off versus Colton Sissons in neutral zone.
0:35 of 3rd period - Cam Fowler is hit by Brett Connolly and loses puck.
0:47 of 3rd period - Shot by Jonathan Toews.
0:47 of 3rd period - Shot Blocked by Brett Connolly.
1:59 of 3rd period - Leon Draisaitl is hit by Dmitry Orlov.
2:09 of 3rd period - Shot by Jakub Voracek.
2:09 of 3rd period - Deflect By Jordan Staal.
2:09 of 3rd period - Stopped by Ben Bishop with a rebound.
3:03 of 3rd period - Shot by Filip Zadina.
3:03 of 3rd period - Shot Misses the Net.
3:05 of 3rd period - Shot by Zack Smith.
3:05 of 3rd period - Deflect By Filip Zadina.
3:05 of 3rd period - Shot Blocked by Roman Josi.
3:47 of 3rd period - Shot by Nick Bonino.
3:47 of 3rd period - Stopped by Ben Bishop without a rebound.
3:48 of 3rd period - Jonathan Toews wins face-off versus Leon Draisaitl in Penguins zone.
3:48 of 3rd period - Anthony Bitetto is hit by Duncan Keith.
3:50 of 3rd period - Shot by Gabriel Landeskog.
3:50 of 3rd period - Shot Misses the Net.
3:52 of 3rd period - Shot by Jonathan Toews.
3:52 of 3rd period - Shot Blocked by Sami Vatanen.
4:00 of 3rd period - Shot by Kyle Palmieri.
4:00 of 3rd period - Stopped by Ben Bishop with a rebound.
4:02 of 3rd period - Shot by Anthony Bitetto.
4:02 of 3rd period - Stopped by Ben Bishop without a rebound.
4:03 of 3rd period - Colton Sissons wins face-off versus Tomas Nosek in Penguins zone.
4:31 of 3rd period - Icing by Matt Calvert.
4:32 of 3rd period - Tomas Nosek wins face-off versus Leon Draisaitl in Blackhawks zone.
4:32 of 3rd period - Tomas Nosek is hit by Brady Tkachuk.
4:42 of 3rd period - Minor Penalty to Nick Holden for Holding.
4:43 of 3rd period - Jonathan Toews wins face-off versus Zack Smith in Penguins zone.
4:43 of 3rd period - Jonathan Toews is hit by Duncan Keith.
4:59 of 3rd period - Shot by Justin Holl.
4:59 of 3rd period - Shot Misses the Net.
5:30 of 3rd period - Off-side.
5:31 of 3rd period - Dominic Toninato wins face-off versus Jordan Staal in neutral zone.
5:37 of 3rd period - Icing by Dmitry Orlov.
5:38 of 3rd period - Jakub Voracek wins face-off versus Dominic Toninato in Blackhawks zone.
6:29 of 3rd period - Shot by Cam Fowler.
6:29 of 3rd period - Stopped by Ben Bishop without a rebound.
6:30 of 3rd period - Jonathan Toews wins face-off versus Zack Smith in Penguins zone.
7:08 of 3rd period - Icing by Sami Vatanen.
7:09 of 3rd period - Jonathan Toews wins face-off versus Colton Sissons in Penguins zone.
7:09 of 3rd period - Gabriel Landeskog is hit by Nick Holden and loses puck.
7:28 of 3rd period - Shot by Brett Connolly.
7:28 of 3rd period - Stopped by Carey Price without a rebound.
7:29 of 3rd period - Nick Bonino wins face-off versus Leon Draisaitl in Blackhawks zone.
8:05 of 3rd period - Off-side.
8:06 of 3rd period - Zack Smith wins face-off versus Jonathan Toews in neutral zone.
8:44 of 3rd period - Shot by Filip Zadina.
8:44 of 3rd period - Stopped by Carey Price without a rebound.
8:45 of 3rd period - Leon Draisaitl wins face-off versus Jordan Staal in Blackhawks zone.
8:56 of 3rd period - Shot by Brady Tkachuk.
8:56 of 3rd period - Shot Misses the Net.
9:03 of 3rd period - Cam Fowler is hit by Sami Vatanen.
9:21 of 3rd period - Shot by Leon Draisaitl.
9:21 of 3rd period - Stopped by Carey Price without a rebound.
9:22 of 3rd period - Nick Bonino wins face-off versus Colton Sissons in Blackhawks zone.
9:22 of 3rd period - Nick Bonino is hit by Jonathan Drouin.
9:46 of 3rd period - Icing by Dmitry Orlov.
9:47 of 3rd period - Zack Smith wins face-off versus Nick Bonino in Blackhawks zone.
10:28 of 3rd period - Shot by Gabriel Landeskog.
10:28 of 3rd period - Stopped by Ben Bishop with a rebound.
11:03 of 3rd period - Shot by Gabriel Landeskog.
11:03 of 3rd period - Shot Misses the Net.
11:15 of 3rd period - Jakub Voracek is hit by Zack Smith and loses puck.
11:42 of 3rd period - Icing by Jordan Staal.
11:43 of 3rd period - Jordan Staal wins face-off versus Leon Draisaitl in Blackhawks zone.
12:03 of 3rd period - Shot by Brady Tkachuk.
12:03 of 3rd period - Stopped by Carey Price without a rebound.
12:04 of 3rd period - Tomas Nosek wins face-off versus Brett Connolly in Blackhawks zone.
12:04 of 3rd period - Tomas Nosek is hit by Colton Sissons.
12:37 of 3rd period - Shot by Colton Sissons.
12:37 of 3rd period - Shot Misses the Net.
13:19 of 3rd period - Shot by Leon Draisaitl.
13:19 of 3rd period - Shot Blocked by Anthony Bitetto.
14:37 of 3rd period - Shot by Jonathan Drouin.
14:37 of 3rd period - Shot Blocked by Justin Holl.
14:39 of 3rd period - Shot by Nick Holden.
14:39 of 3rd period - Stopped by Carey Price without a rebound.
14:40 of 3rd period - Nick Bonino wins face-off versus Zack Smith in Blackhawks zone.
15:02 of 3rd period - Icing by Dmitry Orlov.
15:03 of 3rd period - Nick Bonino wins face-off versus Leon Draisaitl in Blackhawks zone.
15:08 of 3rd period - Shot by Jason Dickinson.
15:08 of 3rd period - Shot Misses the Net.
15:16 of 3rd period - Shot by Nick Bonino.
15:16 of 3rd period - Deflect By Jason Dickinson.
15:16 of 3rd period - Stopped by Ben Bishop without a rebound.
15:17 of 3rd period - Kyle Palmieri wins face-off versus Colton Sissons in Penguins zone.
15:19 of 3rd period - Minor Penalty to Sami Vatanen for Tripping.
15:19 of 3rd period - Minor Penalty to Kyle Palmieri for Hooking.
15:20 of 3rd period - Jonathan Toews wins face-off versus Leon Draisaitl in Penguins zone.
16:32 of 3rd period - Minor Penalty to Ty Smith for Holding.
16:33 of 3rd period - Gabriel Landeskog wins face-off versus Zack Smith in Penguins zone.
16:52 of 3rd period - Shot by Nick Bonino.
16:52 of 3rd period - Shot Misses the Net.
16:54 of 3rd period - Shot by Roman Josi.
16:54 of 3rd period - Shot Misses the Net.
16:56 of 3rd period - Shot by Dmitry Orlov.
16:56 of 3rd period - Goal by Dmitry Orlov - Blackhawks : 5 - Penguins : 1.
16:57 of 3rd period - Jonathan Toews wins face-off versus Colton Sissons in neutral zone.
17:38 of 3rd period - Shot by Jakub Voracek.
17:38 of 3rd period - Shot Hit the Post.
17:40 of 3rd period - Shot by Dmitry Orlov.
17:40 of 3rd period - Stopped by Ben Bishop without a rebound.
17:41 of 3rd period - Dominic Toninato wins face-off versus Jonathan Toews in Penguins zone.
18:14 of 3rd period - Icing by Justin Holl.
18:15 of 3rd period - Jonathan Toews wins face-off versus Zack Smith in Blackhawks zone.
18:20 of 3rd period - Zack Smith is hit by Gabriel Landeskog and loses puck.
18:27 of 3rd period - Shot by Justin Holl.
18:27 of 3rd period - Stopped by Ben Bishop without a rebound.
18:28 of 3rd period - Jordan Staal wins face-off versus Zack Smith in Penguins zone.
18:29 of 3rd period - Shot by Dmitry Orlov.
18:29 of 3rd period - Shot Misses the Net.
18:31 of 3rd period - Shot by Jakub Voracek.
18:31 of 3rd period - Shot Misses the Net.
18:33 of 3rd period - Shot by Jason Dickinson.
18:33 of 3rd period - Stopped by Ben Bishop without a rebound.
18:34 of 3rd period - Leon Draisaitl wins face-off versus Jordan Staal in Penguins zone.
18:36 of 3rd period - Icing by Sami Vatanen.
18:37 of 3rd period - Leon Draisaitl wins face-off versus Jordan Staal in Penguins zone.
18:42 of 3rd period - Shot by Arthur Kaliyev.
18:42 of 3rd period - Shot Misses the Net.
19:19 of 3rd period - Off-side.
19:20 of 3rd period - Jonathan Toews wins face-off versus Colton Sissons in neutral zone.
19:41 of 3rd period - Shot by Jonathan Toews.
19:41 of 3rd period - Stopped by Ben Bishop with a rebound.
19:43 of 3rd period - Shot by Gabriel Landeskog.
19:43 of 3rd period - Shot Blocked by Niklas Hjalmarsson.
Goals for this period are 1 for Blackhawks vs 0 for Penguins.
Shots for this period are 12 for Blackhawks vs 6 for Penguins.